 Dungeon Crawl Stone Soup version 0.25.0-9-g26727b657a (webtiles) character file.

Game seed: 8023197227662958505

77 protoss039 the Magician (level 4, -2/24 HPs)
             Began as a Deep Elf Air Elementalist on June 18, 2020.
             Slain by a centaur (6 damage)
             ... on level 2 of the Dungeon.
             The game lasted 00:02:45 (1904 turns).

protoss039 the Magician (Deep Elf Air Elementalist) Turns: 1904, Time: 00:02:45

Health: -2/24      AC:  3    Str:  5    XL:     4   Next: 14%
Magic:  2/13       EV: 13    Int: 21    God:
Gold:   86         SH:  0    Dex: 15    Spells: 12/13 levels left

rFire    . . .     SeeInvis .   e - +0 short sword
rCold    . . .     Gourm    .   (no shield)
rNeg     . . .     Faith    .   a - +0 robe
rPois    .         Spirit   .   (no helmet)
rElec    .         Reflect  .   (no cloak)
rCorr    .         Harm     .   h - +0 pair of gloves (curse)
MR       .....                  (no boots)
Stlth    ++........             (no amulet)
HPRegen  0.08/turn              (no ring)
MPRegen  0.13/turn              (no ring)

@: no status effects
A: no striking features
a: no special abilities


You were on level 2 of the Dungeon.
You were not hungry.

You visited 1 branch of the dungeon, and saw 2 of its levels.

You collected 86 gold pieces.

Inventory:

Hand Weapons
 e - a +0 short sword (weapon)
Armour
 a - a +0 robe (worn)
 h - a cursed +0 pair of gloves (worn)
 n - a +0 cloak
Jewellery
 l - an uncursed amulet of regeneration {unknown}
Scrolls
 b - 6 scrolls of identify {unknown}
 f - a scroll of amnesia {unknown}
 g - 2 scrolls of remove curse {unknown}
 i - a scroll of magic mapping {unknown}
 j - a scroll of blinking {unknown}
Potions
 d - 2 potions of lignification {unknown}
 k - a potion of heal wounds {unknown}
 m - a potion of haste {unknown}
Comestibles
 c - 3 rations
 o - a chunk of flesh


   Skills:
 - Level 2.4 Dodging
 - Level 2.4 Stealth
 * Level 5.0 Spellcasting
 + Level 1.7 Conjurations
 + Level 3.7 Air Magic


You had 12 spell levels left.
You knew the following spells:

 Your Spells              Type           Power        Failure   Level  Hunger
a - Shock                 Conj/Air       ###.         3%          1    None

Your spell library contained the following spells:

 Spells                   Type           Power        Failure   Level  Hunger
 Swiftness                Chrm/Air       ##......     8%          2    None
 Static Discharge         Conj/Air       ###.....     11%         3    ##.....
 Airstrike                Air            ###.......   24%         4    ####...
 Lightning Bolt           Conj/Air       ###.......   69%         5    #####..


Dungeon Overview and Level Annotations

Branches:
Dungeon (2/15)

Altars:


Message History

Aiming: Shock (safe; 3% risk of failure)
Press: ? - help, Shift-Dir - straight line, f - hobgoblin
Aim: a hobgoblin (severely wounded)
The zap hits the hobgoblin.
The hobgoblin is almost dead.
You see here a rat skeleton.
Unknown command.
You hit the hobgoblin.
You kill the hobgoblin!
The centaur unwields a +0 shortbow.
The centaur misses you.
Unknown command.
Casting: Shock (safe; 3% risk of failure)
Confirm with . or Enter, or press ? or * to list all spells.
Aiming: Shock (safe; 3% risk of failure)
Press: ? - help, Shift-Dir - straight line, f - centaur
Aim: a centaur, quivering 13 arrows (moderately wounded)
The zap hits the centaur.
The centaur is severely wounded.
The centaur hits you.
You die...

... ###.# .....
#.#.# .# #.#.# .# #
..#.###.#.###.#.###
.....c..#.........
#(#@.#.##.###
.###hc..........
..............####
...#####.#........
. #.#...#####
#.#........
#.#...####. #.#...#
.####+#...#


You could see a centaur and a jackal.

Vanquished Creatures
  2 adders (D:2)
  2 oozes (D:1)
  2 dart slugs (D:1)
  2 giant cockroaches
  7 goblins
  2 hobgoblins
  7 jackals (D:2)
  3 quokkas (D:2)
  5 bats
  2 frilled lizards (D:1)
  4 kobolds (D:1)
  5 rats
43 creatures vanquished.

Notes
Turn   | Place    | Note
-------+----------+-------------------------------------------
     0 | D:1      | protoss039 the Deep Elf Air Elementalist began the quest
                  | for the Orb.
     0 | D:1      | Reached XP level 1. HP: 10/10 MP: 6/6
   181 | D:1      | Reached XP level 2. HP: 12/15 MP: 0/8
   622 | D:1      | Reached skill level 4 in Spellcasting
   622 | D:1      | Reached XP level 3. HP: 19/19 MP: 6/10
  1705 | D:2      | Reached XP level 4. HP: 17/24 MP: 2/12
  1893 | D:2      | Noticed a centaur
  1895 | D:2      | Reached skill level 5 in Spellcasting
  1904 | D:2      | Slain by a centaur

Illustrated notes

Levels and vault maps discovered:
D:1:      minmay_arrival_glassed_features, layout_loops_corners
D:2:      layout_basic, uniq_crazy_yiuf_cottage

Skill      XL: |  1  2  3  4 |
---------------+-------------+-----
Spellcasting   | 4 5 |  5.0
Dodging        | |  2.4
Stealth        | |  2.4
Conjurations   | |  1.7
Air Magic      | |  3.7

Action                   |  1- 3 |  4- 6 || total
-------------------------+-------+-------++-------
Melee: Short sword       |     8 |     1 ||     9
 Cast: Shock             |    74 |    15 ||    89
  Eat: Chunk             |     2 |     1 ||     3
Armor: Robe              |     6 |       ||     6
Dodge: Dodged            |    29 |     1 ||    30
